ESL (28 & UNDER)
WILMINGTON REBELS @ BUFFALO LIGHTSABRES
06/26/2025
 
TOP OF THE 1ST
Wilmington Rebels batting - Pitching for Buffalo LightSabres : LHP Arturo Sánchez
Pitching: LHP Arturo Sánchez
Batting: RHB Carlos Moya 0-0: Called Strike
0-1: Foul Ball, location: 2F
0-2: Ball
1-2: Strikes out looking
Batting: RHB Jeff Jones 0-0: Ball
1-0: Ball
2-0: Ball
3-0: Foul Ball, location: 2F
3-1: Base on Balls
Batting: LHB Dave Watson 0-0: Ball
1-0: Ball
2-0: Called Strike
2-1: Ball
3-1: Foul Ball, location: 2F
3-2: Base on Balls
Jeff Jones to second
Batting: RHB Bob Lazzeri 0-0: Fly out, F6 (Line Drive, 6)
0-0: Fly out, F6 (Line Drive, 6)
Batting: LHB Chandler Hubbard 0-0: Ball
1-0: Called Strike
1-1: Ball
2-1: DOUBLE (Flyball, 78D)
Jeff Jones scores
Dave Watson to third
Batting: RHB Al Reese 0-0: Ground out U3 (Groundball, 3S)
Top of the 1st over - 1 run(s), 1 hit(s), 0 error(s), 2 left on base; Wilmington 1 - Buffalo 0
BOTTOM OF THE 1ST
Buffalo LightSabres batting - Pitching for Wilmington Rebels : RHP Alex Stanford
Pitching: RHP Alex Stanford
Batting: LHB Lucas Coleman 0-0: Swinging Strike
0-1: Ball
1-1: Foul Ball, location: 2F
1-2: Foul Ball, location: 2F
1-2: Ball
2-2: Ground out 4-3 (Groundball, 4)
Batting: LHB Sixto Cortés 0-0: Ball
1-0: Foul Ball, location: 2F
1-1: Ball
2-1: Ball
3-1: Called Strike
3-2: SINGLE (Groundball, 34D)
Batting: LHB Sean Nicks 0-0: Called Strike
0-1: Called Strike
0-2: Fielders Choice at 2nd, 4-6 (Groundball, 34)
Batting: LHB Juan Jose Pineda 0-0: Ball
1-0: SINGLE (Groundball, 15) (infield hit)
Sean Nicks to second
Batting: LHB Paul Alston 0-0: Called Strike
0-1: Ball
1-1: Ball
2-1: Foul Ball, location: 2F
2-2: Foul Ball, location: 2F
2-2: Ball
3-2: Base on Balls
Sean Nicks to third
Juan Jose Pineda to second
Batting: RHB Naomi Kitamura 0-0: Ball
1-0: Called Strike
1-1: Foul Ball, location: 2F
1-2: DOUBLE (Line Drive, 78D)
Sean Nicks scores
Juan Jose Pineda scores
Paul Alston to third
Runner from 3rd tries for Home, throw and OUT!
Bottom of the 1st over - 2 run(s), 3 hit(s), 0 error(s), 1 left on base; Wilmington 1 - Buffalo 2
TOP OF THE 2ND
Wilmington Rebels batting - Pitching for Buffalo LightSabres : LHP Arturo Sánchez
Batting: SHB Charles Alexander 0-0: Ball
1-0: Called Strike
1-1: Ball
2-1: Foul Ball, location: 2F
2-2: Strikes out swinging
Batting: RHB Enrico Bonizo 0-0: Foul Ball, location: 2F
0-1: Foul Ball, location: 2F
0-2: Ball
1-2: Strikes out swinging
Batting: RHB Norberto Gonzáles 0-0: Foul Ball, location: 2F
0-1: Ball
1-1: Ball
2-1: Called Strike
2-2: Ball
3-2: Strikes out swinging
Top of the 2nd over - 0 run(s), 0 hit(s), 0 error(s), 0 left on base; Wilmington 1 - Buffalo 2
BOTTOM OF THE 2ND
Buffalo LightSabres batting - Pitching for Wilmington Rebels : RHP Alex Stanford
Batting: RHB Soetsu Kaneko 0-0: Ball
1-0: Ball
2-0: Called Strike
2-1: Ground out 6-3 (Groundball, 6M)
Batting: RHB Merlin Morris 0-0: Ball
1-0: Called Strike
1-1: SINGLE (Groundball, 56)
Batting: RHB Jorge Martínez 0-0: Called Strike
0-1: Ball
1-1: Ball
2-1: Foul Ball, location: 2F
2-2: Foul Ball, location: 2F
2-2: Foul Ball, location: 2F
2-2: Ball
3-2: Foul Ball, location: 2F
3-2: Ground out 5-3 (Groundball, 56S)
Merlin Morris to second
Batting: LHB Lucas Coleman 0-0: Ball
1-0: Ball
2-0: Foul Ball, location: 2F
2-1: Foul Ball, location: 2F
2-2: Strikes out swinging
Bottom of the 2nd over - 0 run(s), 1 hit(s), 0 error(s), 1 left on base; Wilmington 1 - Buffalo 2
TOP OF THE 3RD
Wilmington Rebels batting - Pitching for Buffalo LightSabres : LHP Arturo Sánchez
Batting: RHB Carlos Moya 0-0: Ball
1-0: Called Strike
1-1: Ball
2-1: Swinging Strike
2-2: DOUBLE (Flyball, 89D)
Batting: RHB Jeff Jones 0-0: Called Strike
0-1: Ball
1-1: Fly out, F9 (Popup, 9LS)
Batting: LHB Dave Watson 0-0: Ball
1-0: Swinging Strike
1-1: Ball
2-1: Foul Ball, location: 2F
2-2: Strikes out swinging
Batting: RHB Bob Lazzeri 0-0: Ground out 6-3 (Groundball, 6D)
Top of the 3rd over - 0 run(s), 1 hit(s), 0 error(s), 1 left on base; Wilmington 1 - Buffalo 2
BOTTOM OF THE 3RD
Buffalo LightSabres batting - Pitching for Wilmington Rebels : RHP Alex Stanford
Batting: LHB Sixto Cortés 0-0: Ball
1-0: Ball
2-0: Foul Ball, location: 2F
2-1: Ground out 4-3 (Groundball, 4)
Batting: LHB Sean Nicks 0-0: Called Strike
0-1: Ground out 1-3 (Groundball, 34S)
Batting: LHB Juan Jose Pineda 0-0: Ground out 1-3 (Groundball, 13S)
Bottom of the 3rd over - 0 run(s), 0 hit(s), 0 error(s), 0 left on base; Wilmington 1 - Buffalo 2
TOP OF THE 4TH
Wilmington Rebels batting - Pitching for Buffalo LightSabres : LHP Arturo Sánchez
Batting: LHB Chandler Hubbard 0-0: Called Strike
0-1: Ball
1-1: Called Strike
1-2: Ground out U3 (Groundball, 3)
Batting: RHB Al Reese 0-0: Called Strike
0-1: Ball
1-1: Ball
2-1: Ground out 1-3 (Groundball, 15)
Batting: SHB Charles Alexander 0-0: Swinging Strike
0-1: Called Strike
0-2: Strikes out swinging
Top of the 4th over - 0 run(s), 0 hit(s), 0 error(s), 0 left on base; Wilmington 1 - Buffalo 2
BOTTOM OF THE 4TH
Buffalo LightSabres batting - Pitching for Wilmington Rebels : RHP Alex Stanford
Batting: LHB Paul Alston 0-0: SINGLE (Flyball, 6MD)
Batting: RHB Naomi Kitamura 0-0: Ball
1-0: Ball
2-0: Ball
3-0: Called Strike
3-1: Grounds into double play, 6-4-3 (Groundball, 6)
Batting: RHB Soetsu Kaneko 0-0: Ball
1-0: Called Strike
1-1: Ball
2-1: Foul Ball, location: 2F
2-2: Foul Ball, location: 2F
2-2: Ball
3-2: Base on Balls
Batting: RHB Merlin Morris 0-0: Swinging Strike
0-1: Ball
1-1: Called Strike
1-2: Ground out 4-3 (Groundball, 4S)
Bottom of the 4th over - 0 run(s), 1 hit(s), 0 error(s), 1 left on base; Wilmington 1 - Buffalo 2
TOP OF THE 5TH
Wilmington Rebels batting - Pitching for Buffalo LightSabres : LHP Arturo Sánchez
Batting: RHB Enrico Bonizo 0-0: Ball
1-0: Called Strike
1-1: Swinging Strike
1-2: Foul Ball, location: 2F
1-2: Ground out 5-3 (Groundball, 56)
Batting: RHB Norberto Gonzáles 0-0: DOUBLE (Groundball, 5L)
Batting: RHB Carlos Moya 0-0: Ball
1-0: Called Strike
1-1: Ball
2-1: Ball
3-1: Base on Balls
Batting: RHB Jeff Jones 0-0: Ball
1-0: Ball
2-0: Ball
3-0: Base on Balls
Norberto Gonzáles to third
Carlos Moya to second
Batting: LHB Dave Watson 0-0: Swinging Strike
Passed Ball!
Norberto Gonzáles scores
Carlos Moya to third
Jeff Jones to second
0-1: Foul Ball, location: 2F
0-2: Strikes out swinging
Batting: RHB Bob Lazzeri 0-0: Called Strike
0-1: Ball
1-1: SINGLE (Groundball, 56D)
Carlos Moya scores
Jeff Jones to third
Runner from 3rd tries for Home, SAFE, throw made home
Batting: LHB Chandler Hubbard 0-0: Ball
1-0: SINGLE (Groundball, 34D)
Bob Lazzeri to second
Runner from 2nd tries for 3rd, SAFE, throw made to third
Batting: RHB Al Reese 0-0: Ball
1-0: Ball
2-0: Foul Ball, location: 2F
2-1: Swinging Strike
2-2: Strikes out swinging
Top of the 5th over - 3 run(s), 3 hit(s), 0 error(s), 2 left on base; Wilmington 4 - Buffalo 2
BOTTOM OF THE 5TH
Buffalo LightSabres batting - Pitching for Wilmington Rebels : RHP Alex Stanford
Batting: RHB Jorge Martínez 0-0: Called Strike
0-1: Foul Ball, location: 2F
0-2: Foul Ball, location: 2F
0-2: Ball
1-2: Ball
2-2: Fly out, F6 (Popup, 6MS)
Batting: LHB Lucas Coleman 0-0: Called Strike
0-1: Ball
1-1: Ground out U3 (Groundball, 3S)
Batting: LHB Sixto Cortés 0-0: Called Strike
0-1: Called Strike
0-2: Ball
1-2: Foul Ball, location: 2F
1-2: Ground out 1-3 (Groundball, 25)
Bottom of the 5th over - 0 run(s), 0 hit(s), 0 error(s), 0 left on base; Wilmington 4 - Buffalo 2
TOP OF THE 6TH
Wilmington Rebels batting - Pitching for Buffalo LightSabres : LHP Arturo Sánchez
Batting: SHB Charles Alexander 0-0: Foul Ball, location: 2F
0-1: Swinging Strike
0-2: Strikes out swinging
Batting: RHB Enrico Bonizo 0-0: Ball
1-0: Called Strike
1-1: Called Strike
1-2: Ball
2-2: Fly out, F9 (Flyball, 9M)
Batting: RHB Norberto Gonzáles 0-0: Called Strike
0-1: Called Strike
0-2: Strikes out swinging
Top of the 6th over - 0 run(s), 0 hit(s), 0 error(s), 0 left on base; Wilmington 4 - Buffalo 2
BOTTOM OF THE 6TH
Buffalo LightSabres batting - Pitching for Wilmington Rebels : RHP Alex Stanford
Batting: LHB Sean Nicks 0-0: Ball
1-0: Called Strike
1-1: Ball
2-1: Swinging Strike
2-2: Foul Ball, location: 2F
2-2: Strikes out looking
Batting: LHB Juan Jose Pineda 0-0: Foul Ball, location: 2F
0-1: Foul Ball, location: 2F
0-2: Ball
1-2: Strikes out swinging
Batting: LHB Paul Alston 0-0: Ground out 4-3 (Groundball, 4)
Bottom of the 6th over - 0 run(s), 0 hit(s), 0 error(s), 0 left on base; Wilmington 4 - Buffalo 2
TOP OF THE 7TH
Wilmington Rebels batting - Pitching for Buffalo LightSabres : LHP Arturo Sánchez
Pitching: RHP Jorge Blanco
Batting: RHB Carlos Moya 0-0: Ball
1-0: Ground out 5-3 (Groundball, 56)
Batting: RHB Jeff Jones 0-0: Ball
1-0: Ball
2-0: Ball
3-0: Base on Balls
Batting: LHB Dave Watson 0-0: Ball
1-0: SINGLE (Flyball, 7S)
Jeff Jones to second
Batting: RHB Bob Lazzeri 0-0: Ball
1-0: Ball
2-0: Ball
3-0: Base on Balls
Jeff Jones to third
Dave Watson to second
Batting: LHB Chandler Hubbard 0-0: Ball
1-0: Foul Ball, location: 2F
1-1: Ball
2-1: Swinging Strike
2-2: Foul Ball, location: 2F
2-2: Foul Ball, location: 2F
2-2: Ball
3-2: Strikes out swinging
Batting: RHB Al Reese 0-0: Called Strike
0-1: Swinging Strike
0-2: Ball
1-2: Ball
2-2: Foul Ball, location: 2F
2-2: Strikes out looking
Top of the 7th over - 0 run(s), 1 hit(s), 0 error(s), 3 left on base; Wilmington 4 - Buffalo 2
BOTTOM OF THE 7TH
Buffalo LightSabres batting - Pitching for Wilmington Rebels : RHP Alex Stanford
Pitching: RHP Jim Wilson
Batting: RHB Naomi Kitamura 0-0: Ball
1-0: Called Strike
1-1: Called Strike
1-2: SOLO HOME RUN (Flyball, 8LXD), Distance : 420 ft
Pitching: RHP Manuel Ferreira
Batting: RHB Soetsu Kaneko 0-0: Ball
1-0: Fly out, F5 (Line Drive, 5)
Batting: RHB Merlin Morris 0-0: Ball
1-0: Swinging Strike
1-1: Swinging Strike
1-2: Ball
2-2: Foul Ball, location: 2F
2-2: Strikes out swinging
Pitching: RHP Ricardo Torres
Batting: RHB Jorge Martínez 0-0: Ball
1-0: Called Strike
1-1: Ground out 4-3 (Groundball, 4M)
Bottom of the 7th over - 1 run(s), 1 hit(s), 0 error(s), 0 left on base; Wilmington 4 - Buffalo 3
TOP OF THE 8TH
Wilmington Rebels batting - Pitching for Buffalo LightSabres : RHP Jorge Blanco
Batting: SHB Charles Alexander 0-0: Ball
1-0: Ball
2-0: Ball
3-0: Base on Balls
Batting: RHB Enrico Bonizo 0-0: Bunted foul
0-1: Ball
1-1: Bunt - Flyout! F1
Pinch Hitting: LHB David Cháves 0-0: Fly out, F8 (Flyball, 8RM)
Pinch Hitting: RHB Carlos Ordóńez 0-0: Ball
1-0: Ball
2-0: 2-RUN HOME RUN (Flyball, 9D), Distance : 392 ft
Pitching: RHP Ángel Uribe
Batting: RHB Jeff Jones 0-0: Ball
1-0: Ball
2-0: Ball
3-0: Base on Balls
Batting: LHB Dave Watson 0-0: Fly out, F5 (Popup, 56D)
Top of the 8th over - 2 run(s), 1 hit(s), 0 error(s), 1 left on base; Wilmington 6 - Buffalo 3
BOTTOM OF THE 8TH
Buffalo LightSabres batting - Pitching for Wilmington Rebels : RHP Ricardo Torres
Now in LF: Ramón Benítez
Now in RF: Carlos Ordóńez
Batting: LHB Lucas Coleman 0-0: Ball
1-0: Foul Ball, location: 2F
1-1: Ball
2-1: Ball
3-1: Fly out, F8 (Flyball, 8LM)
Batting: LHB Sixto Cortés 0-0: Called Strike
0-1: Ball
1-1: Ball
2-1: Foul Ball, location: 2F
2-2: Strikes out swinging
Batting: LHB Sean Nicks 0-0: Ball
1-0: Ball
2-0: Ball
3-0: Base on Balls
Batting: LHB Juan Jose Pineda 0-0: Ball
1-0: DOUBLE (Line Drive, 7LD)
Sean Nicks to third
Batting: LHB Paul Alston 0-0: Fly out, F7 (Flyball, 7M)
Bottom of the 8th over - 0 run(s), 1 hit(s), 0 error(s), 2 left on base; Wilmington 6 - Buffalo 3
TOP OF THE 9TH
Wilmington Rebels batting - Pitching for Buffalo LightSabres : RHP Ángel Uribe
Batting: RHB Bob Lazzeri 0-0: Foul Ball, location: 2F
0-1: Called Strike
0-2: Strikes out swinging
Batting: LHB Chandler Hubbard 0-0: Called Strike
0-1: Ball
1-1: Foul Ball, location: 2F
1-2: Strikes out looking
Batting: RHB Al Reese 0-0: Ball
1-0: Ball
2-0: Fly out, F3 (Line Drive, 3)
Top of the 9th over - 0 run(s), 0 hit(s), 0 error(s), 0 left on base; Wilmington 6 - Buffalo 3
BOTTOM OF THE 9TH
Buffalo LightSabres batting - Pitching for Wilmington Rebels : RHP Ricardo Torres
Pitching: RHP Porter Warren
Batting: RHB Naomi Kitamura 0-0: Called Strike
0-1: Ball
1-1: Foul Ball, location: 2F
1-2: Foul Ball, location: 2F
1-2: Foul Ball, location: 2F
1-2: Fly out, F8 (Flyball, 8RXD)
Batting: RHB Soetsu Kaneko 0-0: Swinging Strike
0-1: Foul Ball, location: 2F
0-2: Ball
1-2: Strikes out swinging
Batting: RHB Merlin Morris 0-0: Called Strike
0-1: Foul Ball, location: 2F
0-2: Foul Ball, location: 2F
0-2: Ball
1-2: Strikes out swinging
Bottom of the 9th over - 0 run(s), 0 hit(s), 0 error(s), 0 left on base; Wilmington 6 - Buffalo 3
This league is powered by Out of the Park Baseball, the baseball management simulation game for PC, Mac and Linux
Tuesday, August 2nd, 2016 - OOTP Baseball 16.8 Build 38